[Event "Titled Tuesday Blitz July 11 Late 2023"]
[White "Cooklev, Steven"]
[Black "caropawn10"]
[WhiteFideId "2050552"]
[WhiteElo "2393"]
[BlackElo "2709"]
[Result "0-1"]
[Round "1"]
[TimeControl "180+2"]
[Date "2023.07.11"]
[WhiteClock "0:00:07"]
[BlackClock "0:01:40"]
[Board "91"]

1. e4 c6 2. Nc3 d5 3. Nf3 dxe4 4. Nxe4 Nf6 5. Nxf6+ exf6 6. Bc4 Be7 7. O-O O-O 8. Re1 Bd6 9. d4 Nd7 10. Bb3 b5 11. a4 Nb6 12. axb5 cxb5 13. Qd3 Bd7 14. Bd2 Qc8 15. c3 Nc4 16. Bc1 a5 17. h3 Bf5 18. Qd1 Qd7 19. Nh4 Bxh3 20. gxh3 Qxh3 21. Nf3 g5 22. Bxc4 bxc4 23. Qe2 g4 24. Qf1 Qxf3 25. Qg2 Qxg2+ 26. Kxg2 f5 27. Bg5 f6 28. Bd2 Kf7 29. Ra4 Rfc8 30. Rea1 Rab8 31. Bc1 Rb5 32. Rxa5 Rxa5 33. Rxa5 Kg6 34. Rd5 Rc6 35. Rc5 Bxc5 0-1


[Site "https://www.chess.com"]

[Event "Titled Tuesday Blitz July 11 Late 2023"]
[White "Rosen, Eric"]
[Black "Campos, Maria Jose"]
[WhiteFideId "2032562"]
[BlackFideId "146803"]
[WhiteElo "2702"]
[BlackElo "2389"]
[Result "1-0"]
[Round "1"]
[TimeControl "180+2"]
[Date "2023.07.11"]
[WhiteClock "0:00:13"]
[BlackClock "0:01:33"]
[Board "92"]

1. d4 Nf6 2. Bf4 d5 3. e3 e6 4. Nf3 c5 5. c3 Nc6 6. Nbd2 Bd6 7. Bg3 O-O 8. Bb5 Qe7 9. Bxc6 bxc6 10. Qa4 cxd4 11. cxd4 Bd7 12. Bxd6 Qxd6 13. Nb3 Ne4 14. O-O c5 15. dxc5 Bxa4 16. cxd6 Nxd6 17. Nc5 Bb5 18. Rfc1 a5 19. Nd4 Rfc8 20. f3 Bc4 21. b3 Rxc5 22. bxc4 Nxc4 23. Rab1 g6 24. Kf2 Rac8 25. Nb3 R5c7 26. Nd4 Na3 27. Rxc7 Rxc7 28. Rb3 Nc2 29. Rb8+ Kg7 30. Nb5 Rc6 31. Rb7 Nb4 32. Nd4 Rd6 33. a3 Nd3+ 34. Ke2 Nc5 35. Rb5 Nd7 36. Rxa5 Kf6 37. Ra7 Ne5 38. f4 Nc4 39. Nf3 h6 40. g4 Rb6 41. g5+ hxg5 42. Nxg5 Nd6 43. h3 Rb2+ 44. Kf3 Rb3 45. a4 d4 46. Rd7 Rxe3+ 47. Kg4 Ra3 48. Rxd6 Rxa4 49. Rd7 e5 50. Rxf7# 1-0


[Site "https://www.chess.com"]

[Event "Titled Tuesday Blitz July 11 Late 2023"]
[White "Buchenau, Frank"]
[Black "Pulpan, Jakub"]
[WhiteFideId "4604350"]
[BlackFideId "302759"]
[WhiteElo "2384"]
[BlackElo "2700"]
[Result "1-0"]
[Round "1"]
[TimeControl "180+2"]
[Date "2023.07.11"]
[WhiteClock "0:00:04"]
[BlackClock "0:00:03"]
[Board "93"]

1. e4 a6 2. d4 e6 3. c4 d5 4. Nc3 dxe4 5. Nxe4 Nf6 6. Nxf6+ Qxf6 7. Nf3 Bb4+ 8. Bd2 Bxd2+ 9. Qxd2 b6 10. Be2 Bb7 11. O-O-O Nd7 12. Qe3 O-O-O 13. Rhe1 Kb8 14. Kb1 Rhe8 15. Ka1 h6 16. a3 g5 17. h3 Qf4 18. Qxf4 gxf4 19. Bf1 Bxf3 20. gxf3 Nf6 21. Kb1 Rg8 22. Kc2 Rg1 23. b4 Nh7 24. Re4 Ng5 25. Rxf4 f5 26. h4 Nf7 27. d5 exd5 28. Rxf5 Nd6 29. Rfxd5 Rf8 30. c5 Nb5 31. Bxb5 Rxd1 32. Kxd1 axb5 33. cxb6 cxb6 34. Ke2 Rf4 35. Rh5 Rf6 36. Rxb5 Kb7 37. a4 Kc6 38. Rh5 Kd6 39. Ke3 Re6+ 40. Kd4 Rf6 41. Ke4 Re6+ 42. Kf5 Ke7 43. f4 Rc6 44. Kg4 Rg6+ 45. Kf3 Rc6 46. Rb5 Kf6 47. f5 Rc3+ 48. Kf4 Rc4+ 49. Ke3 Rxh4 50. Rxb6+ Kxf5 51. a5 Rh3+ 52. f3 Rh1 53. a6 h5 54. b5 Ra1 55. Rb7 h4 56. Rh7 Ra3+ 57. Kd4 Ke6 58. Kc5 Ra4 59. Kb6 Kf5 60. a7 Kg6 61. Rc7 h3 62. Rc2 Kg5 63. Kb7 Rb4 64. b6 Rf4 65. a8=Q Kh4 66. Qh8+ Kg3 67. Qg7+ Kxf3 68. Qg1 Re4 69. Rf2+ Ke3 70. Qe1+ Kd4 71. Rd2+ Ke5 72. Qg3+ Kf6 73. Rd6+ Kf5 74. Qxh3+ Kg5 75. Qg2+ Kf5 76. Rd5+ Kf6 1-0


[Site "https://www.chess.com"]

[Event "Titled Tuesday Blitz July 11 Late 2023"]
[White "Cugimura97"]
[Black "EsmeraldasAnderson03"]
[WhiteElo "2695"]
[BlackElo "2383"]
[Result "1-0"]
[Round "1"]
[TimeControl "180+2"]
[Date "2023.07.11"]
[WhiteClock "0:00:41"]
[BlackClock "0:00:04"]
[Board "94"]

1. d4 d5 2. Bf4 e6 3. e3 Nf6 4. Nf3 Bd6 5. Ne5 O-O 6. Bd3 c5 7. c3 Qc7 8. Nd2 Nc6 9. Ndf3 Ne4 10. O-O f6 11. Nxc6 Bxf4 12. exf4 Qxc6 13. dxc5 Nxc5 14. Bc2 Qc7 15. Qd2 b6 16. Rfe1 Bb7 17. b4 Ne4 18. Qe3 Qxc3 19. Bxe4 Qxe3 20. Bxh7+ Kxh7 21. Rxe3 Rfe8 22. Nd4 e5 23. fxe5 fxe5 24. Rae1 Rac8 25. h3 e4 26. f3 Rc4 27. Nf5 Rd8 28. fxe4 dxe4 29. Ra3 Rd3 30. Rxa7 Rc7 31. a3 Kg6 32. Ne3 Rdc3 33. a4 Rc1 34. Rxc1 Rxc1+ 35. Kf2 Bc8 36. Kg3 Rb1 37. Rc7 Be6 38. Rc6 Kf7 39. Rxb6 Rb3 40. Kf4 g5+ 41. Kxe4 Rxe3+ 42. Kxe3 1-0


[Site "https://www.chess.com"]

[Event "Titled Tuesday Blitz July 11 Late 2023"]
[White "micke12a"]
[Black "Matinian, Nikita"]
[BlackFideId "24129100"]
[WhiteElo "2380"]
[BlackElo "2694"]
[Result "0-1"]
[Round "1"]
[TimeControl "180+2"]
[Date "2023.07.11"]
[WhiteClock "0:00:05"]
[BlackClock "0:00:09"]
[Board "95"]

1. d4 Nf6 2. Nf3 e6 3. g3 b5 4. Bg2 Bb7 5. O-O c5 6. a4 b4 7. Nbd2 cxd4 8. Nxd4 Bxg2 9. Kxg2 Qb6 10. N2b3 Nc6 11. Be3 Ng4 12. Bc1 h5 13. h3 Nge5 14. Bf4 Nc4 15. Nb5 e5 16. Qd5 exf4 17. Qxc4 a6 18. N5d4 Nxd4 19. Nxd4 Qc5 20. Qxc5 Bxc5 21. Nb3 Bd6 22. Rad1 Be5 23. Rd5 Bxb2 24. gxf4 Rc8 25. Nd4 Rh6 26. Rb1 Bxd4 27. Rxd4 a5 28. Rd5 Ra6 29. Rbd1 Rxc2 30. Rxh5 Rxe2 31. Rdd5 Ra2 32. Rxa5 Rxa4 33. Rxa6 Rxa6 34. Rb5 Ra4 35. Kf3 Ke7 36. Rb6 g6 37. Kg4 d6 38. Rb7+ Ke6 39. h4 Ra2 40. Rxb4 Rxf2 41. Re4+ Kf6 42. Rd4 Ke7 43. Re4+ Kd7 44. h5 gxh5+ 45. Kxh5 Rg2 46. f5 Rg8 47. f6 Re8 48. Rf4 d5 49. Kh6 Rg8 50. Kh7 Rg6 51. Rf1 Ke6 52. Re1+ Kxf6 53. Rf1+ Ke6 54. Re1+ Kd6 55. Rf1 Ke7 56. Re1+ Re6 57. Rd1 Rd6 58. Kg7 f6 59. Re1+ Re6 60. Rd1 Re5 61. Kg6 Ke6 62. Ra1 Rg5+ 63. Kh6 d4 64. Ra6+ Ke5 65. Ra5+ Ke4 66. Ra6 Rg1 67. Rxf6 d3 68. Re6+ Kf3 69. Rf6+ Ke2 70. Re6+ Kd1 71. Ra6 Rg2 72. Ra1+ Ke2 73. Ra2+ d2 74. Kh5 Ke1 75. Ra1+ d1=Q+ 76. Rxd1+ Kxd1 0-1


[Site "https://www.chess.com"]

[Event "Titled Tuesday Blitz July 11 Late 2023"]
[White "Goryachkina, Aleksandra"]
[Black "Fieberg, Samuel"]
[WhiteFideId "4147103"]
[BlackFideId "12901717"]
[WhiteElo "2689"]
[BlackElo "2379"]
[Result "1-0"]
[Round "1"]
[TimeControl "180+2"]
[Date "2023.07.11"]
[WhiteClock "0:00:42"]
[BlackClock "0:00:01"]
[Board "96"]

1. e4 e6 2. d4 d5 3. e5 c5 4. c3 Nc6 5. Nf3 Bd7 6. Be2 Nge7 7. O-O cxd4 8. cxd4 Nf5 9. Nc3 Rc8 10. a3 a6 11. Kh1 Qb6 12. Na4 Qd8 13. g4 Nh4 14. Nxh4 Qxh4 15. f4 b5 16. Nc3 Qd8 17. Be3 h5 18. gxh5 f5 19. exf6 Qxf6 20. f5 exf5 21. Nxd5 Qf7 22. Bf3 Bd6 23. Bf4 Bxf4 24. Nxf4 Ne7 25. d5 Kd8 26. Qd2 Qf6 27. d6 Nc6 28. Rac1 Re8 29. Rc3 Re5 30. Rfc1 Qf8 31. Bxc6 Bxc6+ 32. Rxc6 Rxc6 33. Rxc6 1-0


[Site "https://www.chess.com"]

[Event "Titled Tuesday Blitz July 11 Late 2023"]
[White "Villuendas Valero, Adrian"]
[Black "2KRK1"]
[WhiteFideId "2262460"]
[WhiteElo "2379"]
[BlackElo "2688"]
[Result "0-1"]
[Round "1"]
[TimeControl "180+2"]
[Date "2023.07.11"]
[WhiteClock "0:00:00"]
[BlackClock "0:00:20"]
[Board "97"]

1. e4 Nf6 2. e5 Nd5 3. d4 d6 4. c4 Nb6 5. exd6 exd6 6. Nc3 Be7 7. Bd3 O-O 8. Nge2 Nc6 9. O-O Bg4 10. f3 Bh5 11. Nf4 Bg6 12. Nxg6 hxg6 13. Be3 Re8 14. Qd2 Bf6 15. Ne2 d5 16. c5 Nc4 17. Bxc4 dxc4 18. Rfd1 Qe7 19. Kf2 Rad8 20. Rac1 Nb4 21. Rxc4 Nd5 22. Bf4 Qxe2+ 23. Qxe2 Rxe2+ 24. Kxe2 Nxf4+ 25. Kf2 c6 26. Rb4 Rd7 27. g3 Nd5 28. Rb3 g5 29. Ra3 a6 30. Rad3 Kf8 31. R3d2 Nc7 32. a4 a5 33. f4 gxf4 34. gxf4 Nd5 35. Kf3 Re7 36. Re2 Rxe2 37. Kxe2 Nxf4+ 38. Kf3 Nd5 39. Rd3 g6 40. Rb3 Nb4 41. Ke4 Ke7 42. Rh3 Nd5 43. Rf3 Bg7 44. Rb3 f5+ 45. Kd3 Nb4+ 46. Kc4 f4 47. Rf3 g5 48. h4 Kf6 49. hxg5+ Kxg5 50. Rf1 Kf5 51. Rg1 Bf6 0-1


[Site "https://www.chess.com"]

[Event "Titled Tuesday Blitz July 11 Late 2023"]
[White "Lavrik, Dmitry"]
[Black "GAO"]
[WhiteFideId "24113190"]
[WhiteElo "2683"]
[BlackElo "2377"]
[Result "1-0"]
[Round "1"]
[TimeControl "180+2"]
[Date "2023.07.11"]
[WhiteClock "0:01:05"]
[BlackClock "0:00:29"]
[Board "98"]

1. Nf3 Nf6 2. g3 g6 3. Bg2 Bg7 4. O-O O-O 5. c4 c5 6. d4 cxd4 7. Nxd4 Nc6 8. Nc3 d6 9. Nxc6 bxc6 10. Bxc6 Rb8 11. Bg2 Qa5 12. Rb1 Bf5 13. e4 Bg4 14. Qa4 Qxa4 15. Nxa4 Be2 16. b3 Bxf1 17. Kxf1 Nd7 18. Be3 Rb7 19. e5 Rc7 20. exd6 exd6 21. Rd1 Nc5 22. Nxc5 dxc5 23. Rd5 Rfc8 24. Bh3 f5 25. g4 fxg4 26. Bxg4 Re8 27. Bxc5 Re5 28. Rd8+ Kf7 29. Bd6 Rce7 30. Bxe7 Rxe7 31. Bf3 Rc7 32. Ke2 Ke7 33. Rd5 Bc3 34. Kd3 Be1 35. Re5+ Kf6 36. Rxe1 Rd7+ 37. Bd5 1-0


[Site "https://www.chess.com"]

[Event "Titled Tuesday Blitz July 11 Late 2023"]
[White "Diano, Eden"]
[Black "Mikhailov, Viacheslav"]
[WhiteFideId "5203708"]
[BlackFideId "4187369"]
[WhiteElo "2375"]
[BlackElo "2675"]
[Result "0-1"]
[Round "1"]
[TimeControl "180+2"]
[Date "2023.07.11"]
[WhiteClock "0:01:53"]
[BlackClock "0:00:58"]
[Board "99"]

1. d4 Nf6 2. c4 g6 3. Nc3 Bg7 4. e4 O-O 5. f4 d6 6. Be2 Nc6 7. d5 Nb4 8. a3 Na6 9. Be3 c6 10. Nf3 cxd5 11. cxd5 Nc5 12. e5 Nfe4 13. Nxe4 Nxe4 14. Bd3 Nc5 15. Bc4 Bg4 16. b4 Nd7 17. e6 Bxf3 18. gxf3 Bxa1 19. Qxa1 Nb6 20. Bb3 fxe6 21. dxe6 Rc8 22. h4 Qc7 23. Bd2 Nc4 24. h5 Nxd2 25. Kxd2 Rf6 26. hxg6 Rxg6 27. f5 Rg2+ 28. Kd3 Qc6 29. Rh3 Qb5+ 30. Ke3 Qxf5 31. Rh1 Qg5+ 32. Ke4 Re2+ 0-1


[Site "https://www.chess.com"]

[Event "Titled Tuesday Blitz July 11 Late 2023"]
[White "Prydun, Andriy"]
[Black "Schwabeneder, Florian"]
[WhiteFideId "14145898"]
[BlackFideId "1626191"]
[WhiteElo "2373"]
[BlackElo "2671"]
[Result "1/2-1/2"]
[Round "1"]
[TimeControl "180+2"]
[Date "2023.07.11"]
[WhiteClock "0:00:06"]
[BlackClock "0:00:04"]
[Board "101"]

1. d4 Nf6 2. Nd2 c5 3. dxc5 e6 4. e4 Bxc5 5. e5 Nd5 6. Ne4 Be7 7. c4 Nb4 8. Nf3 O-O 9. a3 N4c6 10. b4 f5 11. Nd6 Bxd6 12. Qxd6 b6 13. Bg5 Qe8 14. Be2 Nd8 15. Qe7 Nf7 16. Qxe8 Rxe8 17. Bf4 Bb7 18. O-O-O Rd8 19. Rd2 Nc6 20. Rhd1 d6 21. exd6 e5 22. Bg5 Nxg5 23. Nxg5 Nd4 24. Rxd4 exd4 25. Rxd4 Rac8 26. Ne6 Rd7 27. c5 Kf7 28. Bc4 Kf6 29. f4 Bxg2 30. Kb2 Be4 31. Kc3 h6 32. Nc7 Rdxc7 33. dxc7 Rxc7 34. cxb6 axb6 35. Rd6+ Ke7 36. Rxb6 Bd5 37. Rb5 Rxc4+ 38. Kd3 Kd6 39. Rb6+ Rc6 40. Rxc6+ Kxc6 41. Kd4 Kd6 42. h4 g6 43. Kc3 Kc6 44. Kd4 Bf3 45. Ke5 Bh5 46. Kf6 Kb5 47. Kg7 Ka4 48. Kxh6 Kb5 49. Kg7 Ka4 50. Kf6 Kb5 51. Ke5 Be2 52. Kf6 Bh5 53. Ke5 Ka4 54. Kf6 Kb5 1/2-1/2


[Site "https://www.chess.com"]

[Event "Titled Tuesday Blitz July 11 Late 2023"]
[White "Rastbod, Ali"]
[Black "K2JW"]
[WhiteFideId "12567477"]
[WhiteElo "2669"]
[BlackElo "2373"]
[Result "1-0"]
[Round "1"]
[TimeControl "180+2"]
[Date "2023.07.11"]
[WhiteClock "0:00:29"]
[BlackClock "0:00:00"]
[Board "102"]

1. d4 d5 2. Bf4 c5 3. e3 Nc6 4. c3 Bf5 5. Nd2 e6 6. Qb3 Qd7 7. Ngf3 f6 8. h3 c4 9. Qb5 a6 10. Qb6 Be7 11. Qc7 g5 12. Bh2 Qxc7 13. Bxc7 b5 14. g4 Bg6 15. a3 h5 16. Bg2 hxg4 17. hxg4 Rxh1+ 18. Bxh1 Nh6 19. Nh2 Kd7 20. Bg3 a5 21. e4 dxe4 22. a4 b4 23. Nxc4 Ra6 24. f3 bxc3 25. bxc3 exf3 26. Bxf3 f5 27. Be5 Nf7 28. Bg3 f4 29. Bf2 Nd6 30. Bxc6+ Kxc6 31. Ne5+ Kd5 32. Nxg6 Bf6 33. Rb1 Rc6 34. Rc1 Ne4 35. Nf3 Nxc3 36. Nge5 Rc8 37. Nd7 Bg7 38. Nb6+ 1-0


[Site "https://www.chess.com"]

[Event "Titled Tuesday Blitz July 11 Late 2023"]
[White "Ahn, Hongjin"]
[Black "Bolourchifard, Farzad"]
[WhiteFideId "13201492"]
[BlackFideId "12510084"]
[WhiteElo "2372"]
[BlackElo "2667"]
[Result "0-1"]
[Round "1"]
[TimeControl "180+2"]
[Date "2023.07.11"]
[WhiteClock "0:00:00"]
[BlackClock "0:00:16"]
[Board "103"]

1. d4 Nf6 2. c4 e6 3. a3 d5 4. e3 b6 5. Nf3 Bb7 6. Nc3 Be7 7. cxd5 exd5 8. Bd3 O-O 9. O-O c5 10. Bd2 c4 11. Bc2 Ne4 12. Nxe4 dxe4 13. Ne5 Bd5 14. f3 exf3 15. gxf3 f6 16. Ng4 Nc6 17. e4 Be6 18. Bc3 Bxg4 19. fxg4 Qd7 20. Rf5 Rad8 21. Rd5 Qe6 22. Qf3 Bd6 23. Qf5 Qf7 24. Rxd6 Rxd6 25. d5 Ne5 26. Bb4 Rdd8 27. Bxf8 Qxf8 28. h3 Qc5+ 29. Qf2 Qd6 30. Rd1 a6 31. Kg2 b5 32. Qd4 Rc8 33. Rf1 a5 34. Rf5 Nf7 35. h4 Nh6 36. Rf3 Nxg4 37. Rg3 Ne5 38. Qa7 Qc7 39. Qd4 b4 40. d6 Qc5 41. Qd2 Rd8 42. Qh6 Ng6 43. Qd2 Qxd6 44. Qe2 Nf4+ 0-1


[Site "https://www.chess.com"]

[Event "Titled Tuesday Blitz July 11 Late 2023"]
[White "Schnaider, Ilan"]
[Black "Fernandez Siles, Luis"]
[WhiteFideId "169013"]
[BlackFideId "2209420"]
[WhiteElo "2666"]
[BlackElo "2368"]
[Result "1-0"]
[Round "1"]
[TimeControl "180+2"]
[Date "2023.07.11"]
[WhiteClock "0:00:52"]
[BlackClock "0:00:36"]
[Board "104"]

1. e4 c5 2. Nf3 Nc6 3. Bb5 g6 4. O-O Bg7 5. Re1 Nf6 6. c3 O-O 7. d4 d5 8. e5 Ne4 9. Be3 Qb6 10. Qe2 c4 11. Bxc6 bxc6 12. Nh4 f6 13. f3 Ng5 14. Na3 Nf7 15. f4 Rb8 16. Rab1 g5 17. fxg5 fxg5 18. Nf3 Bf5 19. Nc2 Qa6 20. Bxg5 Qxa2 21. Bxe7 Rfe8 22. Ba3 Qb3 23. Rbc1 Bh6 24. Ne3 Bd3 25. Qf2 Kh8 26. Nd2 Qb7 27. Ng4 Bg7 28. Nf3 Nh6 29. Qh4 Nf5 30. Qh5 Qd7 31. Ng5 h6 32. Nf7+ Kh7 33. e6 Rxe6 34. Rxe6 Qxe6 35. Ng5+ Kg8 36. Nxe6 1-0


[Site "https://www.chess.com"]

[Event "Titled Tuesday Blitz July 11 Late 2023"]
[White "Harriott, Tyrell"]
[Black "Nefedov, Sergey"]
[WhiteFideId "2086484"]
[BlackFideId "24113417"]
[WhiteElo "2367"]
[BlackElo "2666"]
[Result "0-1"]
[Round "1"]
[TimeControl "180+2"]
[Date "2023.07.11"]
[WhiteClock "0:00:02"]
[BlackClock "0:00:28"]
[Board "105"]

1. d4 d5 2. e3 Nf6 3. Bd3 c5 4. c3 Nc6 5. f4 Qb6 6. Nd2 Bg4 7. Ne2 e6 8. O-O Be7 9. Nf3 Bxf3 10. gxf3 cxd4 11. cxd4 O-O 12. a3 Na5 13. b4 Nc4 14. Nc3 Rac8 15. Na4 Qd6 16. Kh1 b6 17. Rg1 g6 18. Rg2 Nd7 19. f5 Kg7 20. Raa2 e5 21. Rg1 Bf6 22. Rag2 Rfe8 23. fxg6 hxg6 24. Bxg6 fxg6 25. Rxg6+ Kf7 26. f4 exd4 27. Qh5 Ke7 28. exd4 Rh8 29. Qg4 Rcf8 30. Rg2 Kd8 31. f5 Qe7 32. Bf4 Qe1+ 33. Rg1 Qe4+ 34. Rg2 Ne3 35. Bxe3 Qxe3 36. Re2 Qxd4 37. Qg3 Qd1+ 38. Re1 Qxa4 39. Qd6 Qc2 40. Rg2 Qc7 41. Qxd5 Re8 42. Rd1 Kc8 43. Qa8+ Nb8 44. Qxb8+ Kxb8 45. Rgd2 Qc6+ 46. Rg2 Re2 47. Rg1 Be5 0-1


[Site "https://www.chess.com"]

[Event "Titled Tuesday Blitz July 11 Late 2023"]
[White "Shuvalova, Polina"]
[Black "Dubreuil, Julien"]
[WhiteFideId "24171760"]
[BlackFideId "621285"]
[WhiteElo "2663"]
[BlackElo "2366"]
[Result "1-0"]
[Round "1"]
[TimeControl "180+2"]
[Date "2023.07.11"]
[WhiteClock "0:00:34"]
[BlackClock "0:00:16"]
[Board "106"]

1. e4 e5 2. Nf3 Nc6 3. Nc3 Nf6 4. Bb5 Bd6 5. d3 h6 6. Be3 Qe7 7. h3 a6 8. Ba4 Bb4 9. Nd2 Bxc3 10. bxc3 O-O 11. c4 d6 12. Bxc6 bxc6 13. Qf3 c5 14. g4 Nh7 15. h4 f6 16. Nf1 Rb8 17. Ng3 Rb2 18. Bc1 Rb6 19. Nf5 Qf7 20. Rg1 Kh8 21. a4 Rb8 22. Ke2 Qe8 23. a5 Be6 24. Rh1 Qd7 25. Be3 c6 26. Rab1 Rb4 27. Bd2 Rbb8 28. Rb6 Rxb6 29. axb6 Rb8 30. g5 fxg5 31. hxg5 Rf8 32. g6 Bxf5 33. exf5 Rxf5 34. Qh3 Nf8 35. b7 Nxg6 36. b8=Q+ Kh7 37. Bxh6 1-0


[Site "https://www.chess.com"]

[Event "Titled Tuesday Blitz July 11 Late 2023"]
[White "Todorovic, Bojan"]
[Black "Omelja, Artem"]
[WhiteFideId "917087"]
[BlackFideId "14119846"]
[WhiteElo "2365"]
[BlackElo "2652"]
[Result "0-1"]
[Round "1"]
[TimeControl "180+2"]
[Date "2023.07.11"]
[WhiteClock "0:00:02"]
[BlackClock "0:00:03"]
[Board "107"]

1. d4 d5 2. c4 e6 3. Nc3 c6 4. e3 Nf6 5. Nf3 Nbd7 6. Qc2 Bd6 7. Be2 O-O 8. O-O dxc4 9. Bxc4 b5 10. Be2 Bb7 11. Rd1 a6 12. e4 Be7 13. e5 Nd5 14. Nxd5 cxd5 15. Be3 Rc8 16. Qd2 Nb6 17. b3 Qd7 18. Bg5 f6 19. Bh4 Rc6 20. exf6 gxf6 21. Bd3 Rf7 22. Re1 Nc8 23. Rac1 Rxc1 24. Qxc1 Nd6 25. Qh6 Ne4 26. Nd2 Bf8 27. Qe3 Bb4 28. Bxe4 dxe4 29. a3 Ba5 30. b4 Bb6 31. Nxe4 Bxd4 32. Qf4 f5 33. Ng5 e5 34. Qc1 Rf8 35. Rf1 Qd5 36. Nf3 Rc8 37. Qg5+ Kh8 38. Qxf5 Qc6 39. Bf6+ Kg8 40. Qg5+ Kf7 41. Qg7+ Ke6 42. Ng5+ Kf5 43. Qxh7+ Kf4 44. Nh3+ Kg4 45. Kh1 Qxg2# 0-1


[Site "https://www.chess.com"]

[Event "Titled Tuesday Blitz July 11 Late 2023"]
[White "Czopor, Maciej"]
[Black "Slovineanu, Viacheslav"]
[WhiteFideId "21805431"]
[BlackFideId "13900510"]
[WhiteElo "2651"]
[BlackElo "2364"]
[Result "1/2-1/2"]
[Round "1"]
[TimeControl "180+2"]
[Date "2023.07.11"]
[WhiteClock "0:01:15"]
[BlackClock "0:00:09"]
[Board "108"]

1. Nf3 d5 2. c4 e6 3. e3 Nf6 4. g3 Be7 5. b3 b6 6. Bb2 dxc4 7. bxc4 Bb7 8. Be2 c5 9. O-O O-O 10. a4 Nc6 11. d3 Qc7 12. Nc3 Rad8 13. Nb5 Qb8 14. Qb3 Rd7 15. Rad1 Rfd8 16. e4 Ng4 17. h3 Nge5 18. Nxe5 Nxe5 19. f4 Nc6 20. Kh2 Bf6 21. e5 Be7 22. Bf3 Nb4 23. d4 a6 24. Nd6 Bxd6 25. exd6 Rxd6 26. dxc5 Rxd1 27. Rxd1 Bxf3 28. Rxd8+ Qxd8 29. Qxb4 Qd1 30. g4 1/2-1/2


[Site "https://www.chess.com"]

[Event "Titled Tuesday Blitz July 11 Late 2023"]
[White "cedchass2006"]
[Black "Adewumi, Tanitoluwa"]
[BlackFideId "30966396"]
[WhiteElo "2364"]
[BlackElo "2647"]
[Result "0-1"]
[Round "1"]
[TimeControl "180+2"]
[Date "2023.07.11"]
[WhiteClock "0:00:46"]
[BlackClock "0:00:46"]
[Board "109"]

1. e4 c5 2. Nf3 e6 3. g3 Nf6 4. e5 Nd5 5. c4 Nb6 6. Nc3 d5 7. exd6 Bxd6 8. d4 cxd4 9. Qxd4 O-O 10. c5 Nd5 11. cxd6 Nc6 12. Qd1 Nxc3 13. bxc3 Qf6 14. Bb2 e5 15. Bg2 Bg4 16. c4 Rad8 17. c5 Qe6 18. Qb3 Qf6 19. O-O b6 20. cxb6 axb6 21. Rac1 Rxd6 22. Ba3 e4 23. Bxd6 exf3 24. Bxf8 fxg2 25. Kxg2 Nd4 26. f3 Nxb3 27. fxg4 Qb2+ 28. Kh3 Nxc1 29. Bd6 Nd3 30. Rd1 Nf2+ 0-1


[Site "https://www.chess.com"]

[Event "Titled Tuesday Blitz July 11 Late 2023"]
[White "benny_aizenberg"]
[Black "Alahakoon, Isuru"]
[BlackFideId "9900993"]
[WhiteElo "2646"]
[BlackElo "2363"]
[Result "1-0"]
[Round "1"]
[TimeControl "180+2"]
[Date "2023.07.11"]
[WhiteClock "0:01:54"]
[BlackClock "0:00:00"]
[Board "110"]

1. f4 e5 2. fxe5 d6 3. Nf3 dxe5 4. e4 Nc6 5. Bb5 Nf6 6. d3 Bc5 7. Bg5 O-O 8. Bxc6 bxc6 9. Nbd2 Rb8 10. Nc4 Re8 11. Qe2 Bg4 12. O-O-O h6 13. Bh4 Qe7 14. h3 Bxf3 15. Qxf3 Bd4 16. c3 Bc5 17. Rhf1 g5 18. Qxf6 Qxf6 19. Rxf6 gxh4 20. Rxh6 Bf2 21. Rxc6 Kh7 22. Rf1 Bg3 23. Rxf7+ Kg8 24. Rcxc7 Bf4+ 25. Kc2 Re6 26. Rg7+ Kh8 27. Rxa7 1-0


[Site "https://www.chess.com"]

[Event "Titled Tuesday Blitz July 11 Late 2023"]
[White "Krzywda, Andrzej"]
[Black "Fantinel, Thibault"]
[WhiteFideId "1114565"]
[BlackFideId "663395"]
[WhiteElo "2363"]
[BlackElo "2639"]
[Result "1-0"]
[Round "1"]
[TimeControl "180+2"]
[Date "2023.07.11"]
[WhiteClock "0:00:07"]
[BlackClock "0:00:07"]
[Board "111"]

1. e4 c5 2. Nf3 e6 3. d4 cxd4 4. Nxd4 Nf6 5. Bd3 Nc6 6. Nxc6 bxc6 7. O-O d5 8. Nd2 Be7 9. Re1 O-O 10. e5 Nd7 11. Qh5 g6 12. Qe2 Nc5 13. Nf3 a5 14. Bh6 Re8 15. Nd4 Qc7 16. c3 Nxd3 17. Qxd3 Ba6 18. Qg3 c5 19. Nf3 Rab8 20. b3 a4 21. Ng5 axb3 22. axb3 Bc8 23. Qf4 Bd8 24. Re3 Rxb3 25. Rf3 Rb7 26. Nxh7 Kxh7 27. Rh3 Kg8 28. Bg7 f5 29. Rh8+ Kf7 30. Rh7 Rg8 31. Bf6+ Ke8 32. Rxc7 Bxc7 33. h4 Kd7 34. Qa4+ 1-0


[Site "https://www.chess.com"]

[Event "Titled Tuesday Blitz July 11 Late 2023"]
[White "Skliarov, Viktor"]
[Black "Andreassen, Lars"]
[WhiteFideId "14106736"]
[BlackFideId "1504878"]
[WhiteElo "2633"]
[BlackElo "2362"]
[Result "1/2-1/2"]
[Round "1"]
[TimeControl "180+2"]
[Date "2023.07.11"]
[WhiteClock "0:00:13"]
[BlackClock "0:00:07"]
[Board "112"]

1. e4 d6 2. d4 Nf6 3. Nc3 e5 4. Nge2 Nbd7 5. f3 Be7 6. Be3 O-O 7. Qd2 c6 8. g4 Qc7 9. O-O-O a5 10. Ng3 b5 11. g5 Ne8 12. Nf5 Bd8 13. h4 exd4 14. Bxd4 Nb6 15. h5 b4 16. Nb1 c5 17. Be3 Bxf5 18. exf5 f6 19. h6 fxg5 20. Bxg5 Bxg5 21. Qxg5 Rf7 22. Re1 d5 23. Re6 Nd7 24. Bb5 Ndf6 25. Rhe1 Nd6 26. Bf1 c4 27. hxg7 c3 28. b3 Qd8 29. Bd3 a4 30. Rh1 axb3 31. axb3 Nde8 32. Qh6 Rxg7 33. Rhe1 Ra1 34. Bb5 Qa8 35. Rxe8+ Nxe8 36. Qe6+ Kh8 37. Qxe8+ Qxe8 38. Rxe8+ Rg8 39. Rxg8+ Kxg8 40. Bc6 d4 41. f4 Kg7 42. Bf3 Kf6 43. Bg4 h5 44. Bxh5 Kxf5 45. Be2 Kxf4 46. Bd3 Ke3 47. Bg6 Ke2 48. Bd3+ Ke1 49. Bc4 Kf2 50. Bd3 Ke1 51. Bc4 Kf2 52. Bd3 Ke1 1/2-1/2


[Site "https://www.chess.com"]

[Event "Titled Tuesday Blitz July 11 Late 2023"]
[White "Bogaudinov, Rushan"]
[Black "Ehlvest, Jaan"]
[WhiteFideId "4129288"]
[BlackFideId "4500016"]
[WhiteElo "2360"]
[BlackElo "2631"]
[Result "1/2-1/2"]
[Round "1"]
[TimeControl "180+2"]
[Date "2023.07.11"]
[WhiteClock "0:00:07"]
[BlackClock "0:00:23"]
[Board "113"]

1. d4 Nf6 2. c4 e6 3. Nf3 c5 4. e3 a6 5. Be2 d5 6. cxd5 exd5 7. O-O Nc6 8. Nc3 Be6 9. dxc5 Bxc5 10. a3 O-O 11. b4 Ba7 12. Bb2 Qe7 13. Rc1 Rfd8 14. Na4 Bg4 15. Nc5 Rac8 16. h3 Bxf3 17. Bxf3 Ne4 18. Bxe4 dxe4 19. Qg4 g6 20. Nxe4 f5 21. Nf6+ Qxf6 22. Bxf6 fxg4 23. Bxd8 Rxd8 24. hxg4 Rd3 25. Ra1 Ne5 26. Rfd1 Rb3 27. g5 b5 28. Rd6 Nc4 29. Rxa6 Bb6 30. Rd1 Rxa3 31. Rxa3 Nxa3 32. Rd3 Nc4 33. Rd5 Na3 34. Rd3 Nc4 35. Rd5 Na3 36. g4 Kf7 37. Rd7+ Ke6 38. Rxh7 Bd8 39. Rg7 Nc2 40. Rxg6+ Kf7 41. Rd6 Be7 42. Rd5 Na3 43. f4 Bxb4 44. f5 Bc3 45. Rd7+ Ke8 46. Rb7 b4 47. Kf2 Nc4 48. Kf3 b3 49. f6 b2 50. Ke2 Na3 51. Kd3 b1=Q+ 52. Rxb1 Nxb1 53. Kc2 Bd2 54. g6 Bxe3 55. Kxb1 Bg5 56. f7+ Kf8 57. Kc2 Kg7 58. Kd3 Be7 59. Ke4 Kxg6 60. Kf4 Kxf7 61. g5 Kg6 62. Kg4 Bxg5 1/2-1/2


[Site "https://www.chess.com"]

[Event "Titled Tuesday Blitz July 11 Late 2023"]
[White "Makaj, Marko"]
[Black "Tarasova, Viktoriya"]
[WhiteFideId "14508141"]
[BlackFideId "4175840"]
[WhiteElo "2630"]
[BlackElo "2359"]
[Result "0-1"]
[Round "1"]
[TimeControl "180+2"]
[Date "2023.07.11"]
[WhiteClock "0:00:58"]
[BlackClock "0:00:09"]
[Board "114"]

1. d4 Nf6 2. Bg5 d5 3. e3 c5 4. Nc3 e6 5. Nf3 Nc6 6. Bb5 cxd4 7. exd4 Be7 8. O-O O-O 9. Ne2 Bd7 10. c3 h6 11. Bf4 a6 12. Bd3 Ne4 13. Ng3 f5 14. Re1 g5 15. Bc1 Bf6 16. Nd2 Bh8 17. Qh5 Qf6 18. f3 Be8 19. Qh3 Nxd4 20. fxe4 g4 21. Nh5 Qg5 22. Qg3 Qxh5 23. cxd4 Bxd4+ 24. Kh1 f4 25. Nf1 fxg3 26. Nxg3 Qh4 27. Be3 Bxe3 28. Rxe3 d4 29. Re2 Bb5 30. Bxb5 axb5 31. e5 Rad8 32. Rd1 d3 33. Red2 Rd4 34. Kg1 Qg5 35. Rxd3 Rxd3 36. Rxd3 Qc1+ 0-1


[Site "https://www.chess.com"]